 Dungeon Crawl Stone Soup version 0.19.5 (webtiles) character file.

37 Monsterrace the Firebug (level 3, -3/19 HPs)
             Began as a Deep Elf Fire Elementalist on Apr 9, 2017.
             Engulfed by a cloud of steam (10 damage)
             ... on level 1 of the Dungeon.
             The game lasted 00:04:06 (1183 turns).

Monsterrace the Firebug (DEFE)                      Turns: 1183, Time: 00:04:07

Health: -3/19      AC:  3    Str:  5    XL:     3   Next: 23%
Magic:  9/10       EV: 13    Int: 20    God:
Gold:   66         SH:  0    Dex: 20    Spells: 3 memorised, 3 levels left

rFire  . . .     SeeInvis .     d - +1 dagger (protect)
rCold  . . .     Gourm    .     a - +0 robe
rNeg   . . .     Faith    .     (no shield)
rPois  .         Spirit   .     (no helmet)
rElec  .         Reflect  .     f - +0 cloak
rCorr  .         Harm     .     (no gloves)
MR     .....                    (no boots)
Stlth  +.........               (no amulet)
                                (no ring)
                                g - +5 ring of dexterity

@: no status effects
A: no striking features
a: no special abilities


You were on level 1 of the Dungeon.
You were hungry.

You visited 1 branch of the dungeon, and saw 1 of its levels.

You collected 66 gold pieces.

Inventory:

Hand Weapons
 d - a +1 dagger of protection (weapon)
Armour
 a - a +0 robe (worn)
 f - a +0 cloak (worn)
Jewellery
 g - a +5 ring of dexterity (left hand)
Scrolls
 e - 3 scrolls of fog {unknown}
 h - a scroll of magic mapping {unknown}
 j - a scroll of blinking {unknown}
Books
 b - a book of Flames

   Spells                             Type                      Level
   a - Flame Tongue                   Conjuration/Fire             1
   b - Throw Flame                    Conjuration/Fire             2
   c - Conjure Flame                  Conjuration/Fire             3
   d - Inner Flame                    Hexes/Fire                   3
   e - Sticky Flame                   Conjuration/Fire             4
   f - Fireball                       Conjuration/Fire             5
Comestibles
 c - a bread ration
 i - a royal jelly
 k - a meat ration
 l - a chunk of flesh


   Skills:
 - Level 2.4 Dodging
 - Level 2.4 Stealth
 + Level 3.5 Spellcasting
 * Level 2.4 Conjurations
 * Level 3.8 Fire Magic


You had 3 spell levels left.
You knew the following spells:

 Your Spells              Type           Power        Failure   Level  Hunger
a - Flame Tongue          Conj/Fire      ###..        3%          1    None
b - Throw Flame           Conj/Fire      ###...       6%          2    ##.....
c - Conjure Flame         Conj/Fire      ###.....     12%         3    ###....


Dungeon Overview and Level Annotations

Branches:
Dungeon (1/15)

Altars:


Message History

You enter the shallow water.
Moving in this stuff is going to be slow.
Casting: Flame Tongue
Confirm with . or Enter, or press ? or * to list all spells.
Aiming: Flame Tongue
Press: ? - help, Shift-Dir - straight line, f - frilled lizard
Aim: a frilled lizard The flame tongue hits the frilled lizard.
You kill the frilled lizard!
Really walk into that cloud of steam?
You are engulfed in a cloud of scalding steam.
Ouch! That really hurt!
You see here a frilled lizard corpse.
You butcher the frilled lizard corpse.
You are engulfed in a cloud of scalding steam.
You see here a chunk of flesh.
l - a chunk of flesh You are engulfed in a cloud of scalding steam.
Ouch! That really hurt!
You die...

.≈≈≈≈≈≈≈≈≈#
#≈≈≈≈≈≈....#...#)
≈≈≈≈≈≈≈≈≈≈#
#≈≈≈≈≈≈≈...#.#.#.
≈≈≈≈≈≈≈≈≈≈#
##≈≈≈≈≈≈≈...#.#...
≈≈≈≈≈≈≈≈
≈≈##+##≈≈≈≈≈≈≈≈...#.....
≈≈≈≈≈
≈≈≈...≈≈≈≈≈≈≈≈≈...#..#..
≈≈≈≈≈
≈≈≈≈..≈≈≈≈≈≈≈≈≈≈..#.....
≈≈≈≈≈
≈≈≈≈..≈≈≈≈≈≈≈≈≈≈..#.....
≈≈≈≈≈
≈≈≈≈...≈≈≈≈≈≈≈≈≈..#.....
≈≈≈#
≈≈≈....@≈≈≈≈≈≈≈≈..#...#.
≈≈##
≈......≈≈≈≈≈≈≈≈≈..#.....
≈≈#
........≈≈≈≈≈≈≈...##.##.
≈≈#
.........≈≈≈≈≈≈...#.....
≈≈#
[.≈≈≈.......≈≈....######
≈≈##
≈≈≈≈≈≈.....(......#.....
≈≈≈###
≈≈≈≈≈≈............#.####
≈≈≈≈≈≈
≈≈≈≈≈≈≈....[......#.#
≈≈≈≈≈≈≈≈
≈≈≈≈≈≈≈##'##(.....#.#


There were no monsters in sight!

Vanquished Creatures
  An ooze (D:1)
  A dart slug (D:1)
  4 hobgoblins (D:1)
  3 jackals (D:1)
  4 bats (D:1)
  3 frilled lizards (D:1)
  5 goblins (D:1)
  7 kobolds (D:1)
  A rat (D:1)
29 creatures vanquished.

Notes
Turn   | Place    | Note
-------+----------+-------------------------------------------
     0 | D:1      | Monsterrace the Deep Elf Fire Elementalist began the quest for the Orb.
     0 | D:1      | Reached XP level 1. HP: 10/10 MP: 6/6
   158 | D:1      | Reached XP level 2. HP: 15/15 MP: 2/8
   238 | D:1      | Learned a level 2 spell: Throw Flame
   580 | D:1      | Reached XP level 3. HP: 19/19 MP: 6/10
   830 | D:1      | Learned a level 3 spell: Conjure Flame
  1183 | D:1      | Engulfed by a cloud of steam

Skill      XL: |  1  2 |
---------------+-------+-----
Conjurations   | 2 |  2.4
Dodging        | |  2.4
Stealth        | |  2.4
Spellcasting   | |  3.5
Fire Magic     | |  3.8

Action                   || total
-------------------------++-------
Melee: Dagger            ||     1
 Cast: Flame Tongue      ||    44
       Throw Flame       ||     1
Armor: Robe              ||     1
Dodge: Dodged            ||    11
